 Dungeon Sprint DCSS version 0.28-a0-381-g937acc2988 (webtiles) character file.

Game seed: 9129159361757629030

240 Ankalagon the Basher (level 6, -3/40 HPs)
             Began as a Tengu Berserker on Sept 1, 2021.
             Was a Follower of Trog.
             Slain by a neqoxec (5 damage)
             ... in the Dungeon (Sprint II: "The Violet Keep of Menkaure").
             The game lasted 00:00:54 (18 turns).

Ankalagon the Basher (Tengu Berserker)                Turns: 18, Time: 00:00:54

Health: -3/40      AC:  2    Str: 18    XL:     6   Next: 8%
Magic:  7/7        EV: 17    Int:  5    God:    Trog [*.....]
Gold:   0          SH:  0    Dex: 15    Spells: 5/5 levels left

rFire   . . .      SeeInvis .   a - +0 mace
rCold   . . .      Faith    .   (no shield)
rNeg    . . .      Spirit   .   b - +0 animal skin
rPois   .          Reflect  .   (helmet restricted)
rElec   .          Harm     .   (no cloak)
rCorr   .          Rampage  .   (no gloves)
Will    .....      NoTele   +   (boots unavailable)
Stlth   +.........              (no amulet)
HPRegen 0.13/turn               (no ring)
MPRegen 0.10/turn               (no ring)

@: on berserk cooldown, flying quickly and evasively, slowed, unable to read,
very slow
A: beak, talons 3, nimble flight, dopey 1, inability to read while threatened
a: Renounce Religion, Berserk


You were in the Dungeon.
You worshipped Trog.
Trog was aware of your devotion.
You visited 1 branch

Inventory:

Hand Weapons
 a - a +0 mace (weapon)
Armour
 b - a +0 animal skin (worn)
Scrolls
 h - a scroll of blinking
Potions
 c - a potion of curing
 d - a potion of heal wounds
 e - a potion of haste
 f - 2 potions of magic
 g - a potion of berserk rage


   Skills:
 + Level 5.1 Fighting
 + Level 11.6 Maces & Flails
 - Level 2.1 Armour
 + Level 5.1 Dodging


You had 5 spell levels left.
You didn't know any spells.
Your spell library was empty.

Dungeon Overview and Level Annotations

Branches:
Dungeon (1/1)

Altars:


Innate Abilities, Weirdness & Mutations

You have a beak for a mouth.
You have claws for feet.
Your magical nature lets you fly swiftly and evasively.
You are dopey. (Int -2)
You sometimes lose the ability to read scrolls when taking damage.


Message History

You barely miss the neqoxec. Your kick misses the neqoxec.
The neqoxec is almost dead.
The neqoxec gestures at you.
You feel dopey. Something feeds on your intellect!
You hit the neqoxec.
You kill the neqoxec!
Trog accepts your kill.
You feel your intelligence returning.
Your Fighting skill gained 2 levels and is now at level 5!
Your Maces & Flails skill increases to level 11!
Your Dodging skill gained 3 levels and is now at level 5!
You have reached level 6!
Your experience leads to an increase in your attributes!
Your base attributes are Str 18, Int 7, Dex 14.
Increase (S)trength, (I)ntelligence, or (D)exterity?
You feel agile. The neqoxec misses you. The neqoxec gestures at you.
Strange energies course through your body.
You lose the ability to read scrolls when threatened.
There is an open door here.
You closely miss the neqoxec. Your kick misses the neqoxec.
You barely miss the neqoxec. Your kick misses the neqoxec.
The neqoxec closely misses you. x2
You sock the neqoxec!
The neqoxec is moderately wounded.
You sock the neqoxec! You claw the neqoxec.
The neqoxec is severely wounded.
You are no longer berserk.
You are exhausted.
You feel yourself slow down. The neqoxec hits you!
You feel threatened and lose the ability to read scrolls!
The neqoxec hits you but does no damage.
You hit the neqoxec. Your peck misses the neqoxec.
The neqoxec is almost dead.
The neqoxec hits you!
* * * LOW HITPOINT WARNING * * *
The neqoxec hits you.
You die...

## #+#
#.#
##.##3#
+.<.@3#
##.##..#
#+# #.#
##


You could see 2 neqoxecs.

Vanquished Creatures
  2 neqoxecs (D)
2 creatures vanquished.

Notes
Turn   | Place    | Note
-------+----------+-------------------------------------------
     0 | D        | Ankalagon the Tengu Berserker began the quest for the Orb.
     0 | D        | Reached XP level 1. HP: 14/14 MP: 2/2
     1 | D        | Noticed a neqoxec
     1 | D        | Noticed a neqoxec
     1 | D        | Noticed a neqoxec
     1 | D        | Noticed a neqoxec
     6 | D        | Killed a neqoxec
     7 | D        | Reached skill level 10 in Maces & Flails
     7 | D        | Reached XP level 2. HP: 19/19 MP: 3/3
     7 | D        | Reached XP level 3. HP: 23/23 MP: 4/4
     7 | D        | Reached XP level 4. HP: 28/28 MP: 5/5
     7 | D        | Gained mutation: Your magical nature lets you fly swiftly
                  | and evasively. [Tengu growth]
     7 | D        | Reached XP level 5. HP: 32/32 MP: 6/6
     9 | D        | Gained mutation: You are dopey. (Int -2) [a neqoxec]
    12 | D        | Killed a neqoxec
    13 | D        | Reached skill level 5 in Fighting
    13 | D        | Reached skill level 11 in Maces & Flails
    13 | D        | Reached skill level 5 in Dodging
    13 | D        | Reached XP level 6. HP: 40/40 MP: 7/7
    13 | D        | Gained mutation: You sometimes lose the ability to read
                  | scrolls when taking damage. [a neqoxec]
    18 | D        | HP: 2/40 [neqoxec (13)]
    18 | D        | Slain by a neqoxec

Illustrated notes

Levels and vault maps discovered:
D:        the_violet_keep_of_menkaure [sprint2_stairs_cluster_1,
          sprint2_shoproom, sprint2_temple, sprint2_basic_supplies,
          sprint2_obstacle_5, sprint2_obstacle_2, sprint2_obstacle_4,
          sprint2_obstacle_6, sprint2_obstacle_7, sprint2_timed_cluster_1,
          sprint2_smallroom_cluster_1, sprint2_smallroom_final_cluster_1,
          sprint2_transparent_cluster_1, sprint2_second_timed_cluster_1,
          sprint2_sniper_area_1, sprint2_heavy_combat_area_1,
          sprint2_mutation_trap_area_1, sprint2_forest_area_1,
          sprint2_light_combat_area_1, sprint2_behind_water_1,
          sprint2_near_end_vault_1]

Skill      XL: |  1  2  3  4  5 |
---------------+----------------+-----
Maces & Flails | 10 11 | 11.6
Fighting       | 5 |  5.1
Dodging        | 5 |  5.1
Armour         | |  2.1

Action                   |  1- 3 |  4- 6 || total
-------------------------+-------+-------++-------
Melee: Mace              |     4 |    11 ||    15
       Peck              |     1 |     1 ||     2
       Kick              |       |     1 ||     1
Invok: Berserk           |     1 |       ||     1
Armor: Animal skin       |       |     1 ||     1
Dodge: Dodged            |       |     4 ||     4

Table legend: (Time is in decaauts)
 A = Elapsed time spent in this place.
 B = Non-inter-level travel time spent in this place.
 C = Inter-level travel time spent in this place.
 D = Time resting spent in this place.
 E = Time spent auto-exploring this place.
 F = Levels seen in this place.
 G = Mean time per level.
                   A        B        C        D        E       F      G
               +--------+--------+--------+--------+--------+-----+--------+
         Total |     12 |     12 |      0 |      0 |      0 |   1 |   12.0 |
       Dungeon |     12 |     12 |      0 |      0 |      0 |   1 |   12.0 |
               +--------+--------+--------+--------+--------+-----+--------+

Top non-repeatable levels by time:
       D: 12 daAuts
